 Seeded DCSS version 0.27-a0-1136-g0b992a5a9d (webtiles) character file.

Game seed: 13376916415718894363 (custom seed)

2303 rocky1 the Shield-Bearer (level 9, 0/56 HPs)
             Began as a Gargoyle Fighter on May 5, 2021.
             Slain by a hellwing (3 damage)
             ... summoned by a kobold demonologist
             ... on level 7 of the Dungeon.
             The game lasted 00:12:27 (5899 turns).

rocky1 the Shield-Bearer (Gargoyle Fighter)         Turns: 5899, Time: 00:12:28

Health: 0/56       AC: 19    Str: 24    XL:     9   Next: 40%
Magic:  9/9        EV:  9    Int: 10    God:
Gold:   259        SH: 11    Dex: 10    Spells: 8/8 levels left

rFire    . . .     SeeInvis +   x - +7 long sword "Nerhuv" {flame, Str+3 SInv Stlth+}
rCold    + . .     Faith    .   c - +0 kite shield
rNeg     + . .     Spirit   .   u - +1 scale mail {rC+}
rPois    ∞         Reflect  .   (no helmet)
rElec    +         Harm     .   (no cloak)
rCorr    .         Rampage  .   (no gloves)
Will     .....                  (no boots)
Stlth    +.........             (no amulet)
HPRegen  0.18/turn              v - +4 ring of protection
MPRegen  0.11/turn              (no ring)

@: no status effects
A: sickness immunity, AC +6, negative energy resistance 1, electricity
resistance, torment resistance 1, unbreathing 1, petrification resistance
a: no special abilities


You were on level 7 of the Dungeon.
You visited 1 branch of the dungeon, and saw 7 of its levels.

You collected 259 gold pieces.

Inventory:

Hand Weapons
 r - a +1 whip of electrocution
 x - the +7 long sword "Nerhuv" (weapon) {flame, Str+3 SInv Stlth+}
   (You found it on level 6 of the Dungeon)

   It has been specially enchanted to burn those struck by it, causing extra
   injury to most foes and up to half again as much damage against particularly
   susceptible opponents.
   Big, fiery blades are also staple armaments of hydra-hunters.
   It affects your strength (+3).
   It lets you see invisible.
   It makes you more stealthy.
Missiles
 w - 7 javelins (quivered)
Armour
 c - a +0 kite shield (worn)
 i - +0 storm dragon scales
 u - a +1 scale mail of cold resistance (worn)
Jewellery
 v - a +4 ring of protection (left hand)
Wands
 t - a wand of iceblast (10)
Scrolls
 e - 3 scrolls of fog {unknown}
 f - 2 scrolls of vulnerability {unknown}
 h - 5 scrolls of identify {unknown}
 k - a scroll of brand weapon {unknown}
 l - a scroll of magic mapping {unknown}
 m - a scroll of teleportation {unknown}
 o - 2 scrolls of noise {unknown}
 q - a scroll of blinking {unknown}
Potions
 a - a potion of cancellation {unknown}
 b - 2 potions of curing {unknown}
 d - 2 potions of brilliance {unknown}
 g - a potion of magic {unknown}
 j - a potion of ambrosia {unknown}
 n - 2 potions of mutation {unknown}
 p - a potion of haste {unknown}
 s - a potion of degeneration {unknown}
 z - a potion of heal wounds {unknown}


   Skills:
 + Level 6.8 Fighting
 + Level 5.2 Long Blades
 + Level 6.8 Armour
 + Level 4.3 Dodging
 + Level 6.8 Shields


You had 8 spell levels left.
You didn't know any spells.
Your spell library was empty.

Dungeon Overview and Level Annotations

Branches:
Dungeon (7/15)
 Temple: D:4-7

Altars:
Xom


Innate Abilities, Weirdness & Mutations

You are immune to sickness and miasma.
Your stone body is resilient. (AC +6)
You are immune to poison.
You resist negative energy. (rN+)
You are resistant to electric shocks. (rElec)
You are resistant to unholy torment.
You can survive without breathing.
You are immune to petrification.


Message History

The ufetubus hits you but does no damage.
The ufetubus closely misses you. The hellwing barely misses you.
The hellwing hits you but does no damage. x3
The kobold demonologist looks satisfied for a moment.
The red devil hits you but does no damage.
You barely miss the kobold demonologist.
The kobold demonologist is severely wounded.
The quasit closely misses you.
You riposte.
You barely miss the quasit. You block the quasit's attack.
The quasit claws you. The ufetubus hits you. The ufetubus closely misses you.
The hellwing hits you but does no damage. x4
The kobold demonologist looks encouraged for a moment.
The ufetubus closely misses you.
You riposte.
You barely miss the ufetubus.
The ufetubus is moderately wounded.
The ufetubus hits you but does no damage.
You block the quasit's attack. The quasit completely misses you. x2
The iron imp hits you but does no damage.
The red devil hits you from afar with a +0 trident.
The hellwing hits you but does no damage.
The hellwing barely misses you.
You miss the kobold demonologist.
The kobold demonologist is severely wounded.
You block the ufetubus's attack. The ufetubus barely misses you.
The quasit closely misses you.
You riposte.
You barely miss the quasit.
The quasit closely misses you. x2; You block the hellwing's attack. x2
The kobold demonologist hits you but does no damage.
The ufetubus barely misses you.
You riposte.
You closely miss the ufetubus.
The ufetubus is moderately wounded.
You block the ufetubus's attack.
The red devil hits you from afar with a +0 trident!
* * * LOW HITPOINT WARNING * * *
The iron imp hits you.
* * * LOW HITPOINT WARNING * * *
The quasit bites you but does no damage.
You block the quasit's attack. The quasit barely misses you.
The hellwing barely misses you.
The hellwing hits you but does no damage.
The kobold demonologist hits you but does no damage.
The hellwing hits you.
You die...

## . #. ### ..####.
###.##
.......#####....###
.#..#...#.........##
...##.455..........#
#?###4K@4.........## #
#.##.###5....<...#### #
#.#.###.o...##...#..####
#.####......#††......#..
.♣.......#....##....#...
#.####..###..##....##...
#.#.###..###..###..##...
#.##.###.........>......
.###.o...#)#...##......


You could see 2 hellwings, a kobold demonologist, a red devil (summoned), an
iron imp (summoned), an orc wizard, a quasit (summoned) and an ufetubus
(summoned).

Vanquished Creatures
  Pikel (D:4)
  Menkaure (D:5)
  A water moccasin (D:6)
  An orc warrior (D:6)
  A hornet zombie (D:7)
  A necrophage (D:7)
  3 ogres (D:6)
  A centaur (D:5)
  A bullfrog (D:6)
  2 scorpions
  3 killer bees (D:7)
  A howler monkey (D:5)
  2 bullfrog zombies (D:5)
  A jelly (D:5)
  A hound (D:5)
  An orc priest (D:6)
  Ijyb (D:5)
  4 iguanas
  3 orc wizards (D:6)
  A killer bee zombie (D:7)
  A hound skeleton (D:4)
  A howler monkey zombie (D:6)
  3 gnolls (D:2)
  9 adders
  A white imp (D:6)
  2 worms (D:3)
  6 dart slugs
  4 orcs
  7 endoplasms
  A giant cockroach (D:2)
  4 goblins
  9 hobgoblins
  12 jackals
  6 ball pythons
  9 bats
  3 frilled lizards
  8 kobolds
  6 rats
123 creatures vanquished.

Vanquished Creatures (others)
  5 dream sheep (D:5)
5 creatures vanquished.

Grand Total: 128 creatures vanquished

Notes
Turn   | Place    | Note
-------+----------+-------------------------------------------
     0 | D:1      | rocky1 the Gargoyle Fighter began the quest for the Orb.
     0 | D:1      | Reached XP level 1. HP: 14/14 MP: 1/1
   282 | D:1      | Reached XP level 2. HP: 19/19 MP: 2/2
   681 | D:1      | Reached XP level 3. HP: 22/23 MP: 3/3
  1286 | D:2      | Reached skill level 1 in Dodging
  1623 | D:2      | Reached XP level 4. HP: 29/29 MP: 4/4
  1767 | D:2      | Reached XP level 5. HP: 16/33 MP: 5/5
  3440 | D:4      | Noticed a lemure
  3441 | D:4      | Noticed a lemure
  3444 | D:4      | Noticed Pikel
  3444 | D:4      | Noticed a lemure
  3448 | D:4      | Noticed a lemure
  3460 | D:4      | Killed Pikel
  3461 | D:4      | Reached skill level 5 in Fighting
  3461 | D:4      | Reached skill level 5 in Armour
  3461 | D:4      | Reached skill level 5 in Shields
  3461 | D:4      | Reached XP level 6. HP: 32/40 MP: 6/6
  3461 | D:4      | Reached XP level 7. HP: 35/44 MP: 7/7
  3989 | D:5      | Entered Level 5 of the Dungeon
  4066 | D:5      | Noticed Ijyb
  4084 | D:5      | Killed Ijyb
  4085 | D:5      | Reached XP level 8. HP: 44/49 MP: 8/8
  4212 | D:5      | Noticed a dream sheep
  4212 | D:5      | Noticed a dream sheep
  4212 | D:5      | Noticed a dream sheep
  4212 | D:5      | Noticed a dream sheep
  4212 | D:5      | Noticed a dream sheep
  4212 | D:5      | Found a shimmering altar of Xom.
  4218 | D:5      | Killed a dream sheep
  4218 | D:5      | Killed a dream sheep
  4218 | D:5      | Killed a dream sheep
  4218 | D:5      | Killed a dream sheep
  4221 | D:5      | Killed a dream sheep
  4564 | D:5      | Noticed Menkaure
  4568 | D:5      | Killed Menkaure
  5062 | D:6      | Identified the +7 long sword "Nerhuv" {flame, Str+3 SInv
                  | Stlth+}
  5198 | D:6      | Reached XP level 9. HP: 41/56 MP: 9/9
  5379 | D:6      | Reached skill level 5 in Long Blades
  5882 | D:7      | Noticed a kobold demonologist
  5894 | D:7      | Noticed a hellwing
  5895 | D:7      | Noticed a red devil
  5896 | D:7      | Noticed a hellwing
  5899 | D:7      | Slain by a hellwing

Illustrated notes

Levels and vault maps discovered:
D:1:      dpeg_arrival_brainrot, layout_rooms
D:2:      layout_basic, serial_glass, glass_columns_a, glass_columns_a,
          minmay_misc_feat_more_columns, minivault_26,
          kennysheep_generic_room_14
D:3:      layout_loops_corners
D:4:      layout_cave_pools, st_stairs_8, uniq_pikel
D:5:      layout_basic, kb_xom_exploding_sheep, uniq_ijyb, uniq_menkaure
D:6:      layout_rooms
D:7:      layout_cave_pools, minmay_temple_entry_fiery,
          chequers_serial_rivers_micro_e, kb_rosetta

Skill      XL: |  1  2  3  4  5  6  7  8  9 |
---------------+----------------------------+-----
Long Blades    | 2 3 4 5 |  5.2
Dodging        | 1 2 3 4 |  4.3
Armour         | 4 5 6 |  6.8
Shields        | 4 5 6 |  6.8
Fighting       | 4 5 6 |  6.8

Action                   |  1- 3 |  4- 6 |  7- 9 || total
-------------------------+-------+-------+-------++-------
Melee: Long sword        |   138 |   132 |   209 ||   479
Throw: Javelin           |       |       |     8 ||     8
  Use: Potion            |       |     2 |       ||     2
Armor: Scale mail        |    98 |    71 |   176 ||   345
Dodge: Dodged            |    56 |    45 |   124 ||   225
Block: Kite shield       |    91 |    73 |   168 ||   332
       Rpst.: Long sword |    20 |    15 |    30 ||    65

Table legend: (Time is in decaauts)
 A = Elapsed time spent in this place.
 B = Non-inter-level travel time spent in this place.
 C = Inter-level travel time spent in this place.
 D = Time resting spent in this place.
 E = Time spent auto-exploring this place.
 F = Levels seen in this place.
 G = Mean time per level.
                   A        B        C        D        E       F      G
               +--------+--------+--------+--------+--------+-----+--------+
         Total |   6116 |   6000 |    116 |   1692 |   2851 |   7 |  873.7 |
       Dungeon |   6116 |   6000 |    116 |   1692 |   2851 |   7 |  873.7 |
               +--------+--------+--------+--------+--------+-----+--------+

Top non-repeatable levels by time:
     D:2: 1318 daAuts
     D:5: 1122 daAuts
     D:3: 1035 daAuts
     D:1: 952 daAuts
     D:4: 830 daAuts
     D:6: 677 daAuts
     D:7: 179 daAuts
